 Dungeon Crawl Stone Soup version 0.30-a0-1160-g6e42c06551 (webtiles) character file.

Game seed: 17694557042253972250

828 NinjaNoafa the Ruffian (level 7, -3/71 HPs)
             Began as a Troll Fighter on Apr 26, 2023.
             Slain by a two-headed ogre
             ... wielding a +0 giant club
              (28 damage)
             ... on level 5 of the Dungeon.
             The game lasted 00:05:49 (3655 turns).

NinjaNoafa the Ruffian (Troll Fighter)              Turns: 3655, Time: 00:05:50

Health: -3/71      AC:  4    Str: 25    XL:     7   Next: 64%
Magic:  6/6        EV: 10    Int:  4    God:
Gold:   282        SH: 10    Dex: 17    Spells: 6/6 levels left

rFire   . .          .
                       - Unarmed
rCold   . . .        b - +0 kite shield
rNeg    . . .        a - +0 robe
rPois   .            (helmet restricted)
rElec   .            (no cloak)
rCorr   .            (gloves unavailable)
SInv    .            (boots unavailable)
Will    .....        (no amulet)
Stlth   ++           y - +6 ring of dexterity
HPRegen 1.11/turn    (no ring)
MPRegen 0.10/turn

%: no passive effects
@: no status effects
A: large, unfitting armour, claws 3, regeneration 1, shaggy fur 1, tough skin 1,
sense surroundings 1
a: no special abilities


You were on level 5 of the Dungeon.
You visited 1 branch of the dungeon, and saw 5 of its levels.

You collected 282 gold pieces.

Inventory:

Missiles
 r - 10 poisoned darts (quivered)
 x - 6 boomerangs
Armour
 a - a +0 robe (worn)
 b - a +0 kite shield (worn)
Jewellery
 t - a ring of ice
 y - a +6 ring of dexterity (left claw)
Wands
 w - a wand of digging (4)
Scrolls
 f - a scroll of magic mapping {unknown}
 g - 7 scrolls of teleportation {unknown}
 h - 5 scrolls of fog {unknown}
 j - 2 scrolls of brand weapon {unknown}
 l - 4 scrolls of identify {unknown}
 m - 2 scrolls of vulnerability {unknown}
 q - a scroll of immolation {unknown}
 s - 2 scrolls of enchant armour {unknown}
 u - a scroll of torment {unknown}
 v - a scroll of enchant weapon {unknown}
 z - a scroll of amnesia {unknown}
Potions
 c - 3 potions of might
 d - a potion of mutation
 e - a potion of invisibility {unknown}
 i - 2 potions of attraction
 k - a potion of brilliance {unknown}
 n - 2 potions of heal wounds
 o - 2 potions of cancellation {unknown}
 p - 3 potions of curing {unknown}


   Skills:
 + Level 4.4 Fighting
 - Level 4.0 Dodging
 + Level 4.8 Shields
 + Level 4.9 Unarmed Combat


You had 6 spell levels left.
You didn't know any spells.
Your spell library contained the following spells:

 Spells                   Type           Power      Damage    Failure   Level
 Sublimation of Blood     Necr           0%         N/A       86%         2
 Wereblood                Tmut           0%         N/A       86%         2
 Dazzling Flash           Conj/Hex       0%         N/A       98%         3
 Tukima's Dance           Hex            0%         N/A       98%         3
 Volatile Blastmotes      Fire/Tloc      0%         2d10      98%         3
 Iskenderun's Mystic Bla  Conj/Tloc      0%         2d3       100%        4
 Passage of Golubria      Tloc           0%         N/A       100%        4
 Fireball                 Conj/Fire      0%         3d3       100%        5
 Iskenderun's Battlesphe  Conj           0%         2d6       100%        5
 Yara's Violent Unravell  Hex/Tmut       0%         3d3       100%        5
 Conjure Ball Lightning   Conj/Air       0%         3x3d6     100%        6
 Starburst                Conj/Fire      0%         6d3       100%        6
 Orb of Destruction       Conj           0%         9d5       100%        7
 Summon Hydra             Summ           0%         N/A       100%        7


Dungeon Overview and Level Annotations

Branches:
Dungeon (5/15)
 Temple: D:4-7

Altars:

Annotations:
D:3 2 transporters, superbruh's ghost, amateur DsHu


Innate Abilities, Weirdness & Mutations

You are too large for most types of armour.
You have claws for hands.
Your natural rate of healing is unusually fast.
You are covered in fur. (AC +1)
You have tough skin. (AC +1)
You passively map a small area around you.


Message History

There is an open door here.
o - 2 coppery potions (gained 1)
You now have 282 gold pieces (gained 9).
As you open the door, it creaks loudly!
There is an open door here.
There is an open door here.
You see here a +1 pair of boots of rampaging.
There is an open door here.
You open the door.
There is an open door here.
A two-headed ogre comes into view.
It is wielding a +0 giant club and a +0 giant spiked club.
A two-headed ogre is nearby!
A two-headed ogre is nearby!
A two-headed ogre is nearby!
A two-headed ogre is nearby!
Found a scroll labelled LUHEEM FESOZXU.
The two-headed ogre shouts in stereo!
Found 4 stones.
The two-headed ogre hits you with a +0 giant club!!
You block the two-headed ogre's attack.
You scratch the two-headed ogre.
The two-headed ogre is lightly wounded.
You scratch the two-headed ogre.
The two-headed ogre is lightly wounded.
You block the two-headed ogre's attack. x2
You claw the two-headed ogre!
The two-headed ogre is moderately wounded.
The two-headed ogre hits you with a +0 giant club.
The two-headed ogre barely misses you.
You completely miss the two-headed ogre.
The two-headed ogre is moderately wounded.
You mangle the two-headed ogre!!
The two-headed ogre is severely wounded.
The two-headed ogre misses you. You block the two-headed ogre's attack.
You scratch the two-headed ogre but do no damage.
The two-headed ogre is severely wounded.
The two-headed ogre hits you with a +0 giant club!!
* * * LOW HITPOINT WARNING * * *
The two-headed ogre hits you with a +0 giant spiked club!!
You die...

........ , ........ * * *
* .)...... * , , ####....
, .* ....* , ,, .# ...*
##########'## #....#
#.........?.. #....#
#............ #....#
#....@O......
####....####............
..............#'###....(,
..............#... .... ,
..............#...# ...
..............##..# .. *
* ...#+##+##.....#### ,,
. ...#.....#..<..#..# ,
...#.....'.....#..#,


You could see a two-headed ogre.

Vanquished Creatures
  Sigmund (D:3)
  Menkaure (D:5)
  2 ice beasts
  An ogre (D:5)
  3 hounds
  Jessica (D:3)
  An iguana (D:5)
  2 orc wizards (D:3)
  5 adders
  A white imp (D:5)
  3 worms
  A dart slug (D:2)
  6 orcs
  3 ball pythons
  2 bats (D:1)
  6 endoplasms
  3 giant cockroaches
  5 goblins
  4 hobgoblins
  4 jackals (D:2)
  2 quokkas
  5 kobolds
  7 rats
69 creatures vanquished.

Notes
Turn   | Place    | Note
-------+----------+-------------------------------------------
     0 | D:1      | NinjaNoafa the Troll Fighter began the quest for the Orb.
     0 | D:1      | Reached XP level 1. HP: 22/22 MP: 0/0
   844 | D:1      | Reached XP level 2. HP: 29/29 MP: 1/1
  1049 | D:2      | Reached XP level 3. HP: 36/36 MP: 2/2
  1881 | D:3      | Noticed Sigmund
  2019 | D:3      | Killed Sigmund
  2020 | D:3      | Reached XP level 4. HP: 44/45 MP: 3/3
  2020 | D:3      | Reached XP level 5. HP: 52/53 MP: 4/4
  2090 | D:3      | Noticed an ice beast
  2091 | D:3      | Noticed Jessica
  2107 | D:3      | Killed an ice beast
  2108 | D:3      | Reached XP level 6. HP: 44/61 MP: 5/5
  2122 | D:3      | Killed Jessica
  2194 | D:3      | Noticed superbruh's ghost (amateur DsHu)
  2203 | D:3      | Found a transporter.
  2263 | D:3      | Found a transporter.
  2987 | D:5      | Entered Level 5 of the Dungeon
  3347 | D:5      | Noticed Menkaure
  3364 | D:5      | Gained mutation: You passively map a small area around you.
                  | [potion of mutation]
  3368 | D:5      | Killed Menkaure
  3369 | D:5      | Reached XP level 7. HP: 35/70 MP: 6/6
  3646 | D:5      | Noticed a two-headed ogre
  3655 | D:5      | Slain by a two-headed ogre

Illustrated notes

Levels and vault maps discovered:
D:1:      tarquinn_simple_flora_water_d, layout_basic
D:2:      layout_basic, kennysheep_another_room
D:3:      layout_rooms, gammafunk_ghost_stat_death, kennysheep_small_spiral,
          uniq_jessica, uniq_sigmund
D:4:      layout_rooms
D:5:      layout_gridville, kennysheep_donut, uniq_menkaure

Skill      XL: |  1  2  3  4  5  6 |
---------------+-------------------+-----
Shields        | 3 4 |  4.8
Fighting       | 3 4 |  4.4
Dodging        | 3 4 |  4.0
Unarmed Combat | 3 4 |  4.9

Action                     |  1- 3 |  4- 6 |  7- 9 || total
---------------------------+-------+-------+-------++-------
  Melee: Unarmed           |    98 |   110 |    19 ||   227
  Throw: Throwing net      |     1 |       |       ||     1
    Use: Potion            |       |     3 |       ||     3
   Stab: Sleeping          |     1 |       |       ||     1
         Held in net/web   |     1 |       |       ||     1
 Armour: Robe              |    25 |    27 |     1 ||    53
  Dodge: Dodged            |    24 |    37 |     4 ||    65
  Block: Kite shield       |    34 |    48 |    10 ||    92

Table legend: (Time is in decaauts)
 A = Elapsed time spent in this place.
 B = Non-inter-level travel time spent in this place.
 C = Inter-level travel time spent in this place.
 D = Time resting spent in this place.
 E = Time spent auto-exploring this place.
 F = Levels seen in this place.
 G = Mean time per level.
                   A        B        C        D        E       F      G
               +--------+--------+--------+--------+--------+-----+--------+
         Total |   3666 |   3457 |    209 |     39 |   2659 |   5 |  733.2 |
       Dungeon |   3666 |   3457 |    209 |     39 |   2659 |   5 |  733.2 |
               +--------+--------+--------+--------+--------+-----+--------+

Top non-repeatable levels by time:
     D:1: 953 daAuts
     D:2: 869 daAuts
     D:3: 699 daAuts
     D:5: 667 daAuts
     D:4: 476 daAuts
